 Dungeon Crawl Stone Soup version 0.28-a0-612-gcfc00ec14d (webtiles) character file.

Game seed: 7385966196416409296

12701 bande the Cleaver (level 11, 0/68 HPs)
             Began as a Gargoyle Fighter on Oct 5, 2021.
             Was a High Priest of Okawaru.
             Slain by Snorg (2 damage)
             ... on level 11 of the Dungeon.
             The game lasted 00:25:24 (13093 turns).

bande the Cleaver (Gargoyle Fighter)               Turns: 13093, Time: 00:25:25

Health: 0/68       AC: 30    Str: 21    XL:     11   Next: 97%
Magic:  11/11      EV:  6    Int:  9    God:    Okawaru [*****.]
Gold:   1159       SH:  7    Dex: 17    Spells: 10/10 levels left

rFire   . . .      SeeInvis .   s - +8 mithril axe "Arga" {speed, Will+}
rCold   . . .      Faith    .   c - +1 buckler
rNeg    + . .      Spirit   .   b - +0 plate armour
rPois   ∞          Reflect  .   (no helmet)
rElec   +          Harm     .   k - +0 cloak
rCorr   .          Rampage  .   z - +2 pair of gloves {archery}
Will    +....                   (no boots)
Stlth   ..........              (no amulet)
HPRegen 0.21/turn               i - +6 ring of dexterity
MPRegen 0.12/turn               u - +4 ring of protection

@: no status effects
A: sickness immunity, AC +8, negative energy resistance 1, electricity
resistance, torment resistance 1, petrification resistance
a: Renounce Religion, Heroism, Finesse, Duel


You were on level 11 of the Dungeon.
You worshipped Okawaru.
Okawaru was extremely pleased with you.
You visited 1 branch of the dungeon, and saw 11 of its levels.
You also visited: Sewer.

You collected 1159 gold pieces.

Inventory:

Hand Weapons
 a - a +1 war axe
 d - a +0 flail
 s - the +8 mithril axe "Arga" (weapon) {speed, Will+}
   (You acquired it on level 5 of the Dungeon)

   Attacks with this weapon are significantly faster.
   Will:      It increases your willpower.
Missiles
 y - a throwing net (quivered)
Armour
 b - a +0 plate armour (worn)
 c - a +1 buckler (worn)
 k - a +0 cloak (worn)
 z - a +2 pair of gloves of archery (worn)
Jewellery
 i - a +6 ring of dexterity (left hand)
 q - a ring of ice
 u - a +4 ring of protection (right hand)
Wands
 m - a wand of digging (3)
 t - a wand of iceblast (7)
 w - a wand of charming (6)
 C - a wand of flame (35)
Scrolls
 e - 4 scrolls of enchant armour
 f - 2 scrolls of identify
 h - 5 scrolls of amnesia
 o - 2 scrolls of fog
 p - 9 scrolls of teleportation
 r - 2 scrolls of fear
 E - a scroll of blinking
Potions
 g - a potion of flight
 j - 3 potions of curing
 l - a potion of cancellation
 n - 3 potions of resistance
 v - 2 potions of berserk rage
 x - a potion of might
 A - a potion of magic
 B - 2 potions of haste
 G - a potion of heal wounds


   Skills:
 + Level 8.2 Fighting
 + Level 12.0 Axes
 + Level 8.4 Armour
 + Level 6.3 Shields
 * Level 7.5 Evocations


You had 10 spell levels left.
You didn't know any spells.
Your spell library contained the following spells:

 Spells                   Type           Power      Damage    Failure   Level
 Freeze                   Ice            0%         1d3       100%        1
 Frozen Ramparts          Ice            0%         1d2       100%        3
 Portal Projectile        Hex/Tloc       0%         N/A       100%        3
 Hailstorm                Conj/Ice       0%         3d3       100%        4
 Leda's Liquefaction      Hex/Erth       0%         N/A       100%        4
 Call Canine Familiar     Summ           Unusable   N/A       N/A         3

Dungeon Overview and Level Annotations

Branches:
Dungeon (12/15)            Temple (0/1) D:7            Lair (0/6) D:9
    Orc (0/2) D:9           Sewer (visited)

Altars:
Gozag
Kikubaaqudgha
Nemelex Xobeh
Okawaru
Sif Muna
Trog
Vehumet
Wu Jian
Zin

Shops:
D:6 [   D:11 *

Portals:
Abyss: D:6

Annotations:
D:6 2 transporters, MikuNakano's ghost, novice BaIE
D:11 Snorg


Innate Abilities, Weirdness & Mutations

You are immune to sickness and miasma.
Your stone body is resilient. (AC +8)
You are immune to poison.
You resist negative energy. (rN+)
You are resistant to electric shocks. (rElec)
You are resistant to unholy torment.
You are immune to petrification.


Message History

Snorg is moderately wounded.
You slice Snorg!!
Snorg is moderately wounded.
Snorg bites you but does no damage. Snorg claws you but does no damage. x2
You slice Snorg!!
Snorg is heavily wounded.
Snorg bites you but does no damage. Snorg claws you but does no damage.
Snorg barely misses you. You block Snorg's attack. Snorg barely misses you.
You block Snorg's attack.
You slash Snorg!
Snorg is heavily wounded.
Snorg bites you but does no damage. Snorg claws you but does no damage. x2
You closely miss Snorg.
Snorg is heavily wounded.
Snorg bites you but does no damage. Snorg claws you but does no damage.
Snorg claws you.
You slice Snorg!!
Snorg is severely wounded.
Snorg bites you! Snorg claws you but does no damage. Snorg claws you!
* * * LOW HITPOINT WARNING * * *
You are too injured to fight recklessly!
You are too injured to fight recklessly!
You are too injured to fight recklessly!
You are too injured to fight recklessly!
You are too injured to fight recklessly!
You are too injured to fight recklessly!
You are too injured to fight recklessly!
You are too injured to fight recklessly!
You feel much better. Snorg bites you but does no damage.
Snorg claws you but does no damage. You block Snorg's attack.
You slash Snorg!
Snorg is severely wounded.
You block Snorg's attack. Snorg claws you!
* * * LOW HITPOINT WARNING * * *
Snorg claws you!
* * * LOW HITPOINT WARNING * * *
You barely miss Snorg.
Snorg is severely wounded.
Snorg bites you.
You die...

...........#..........#
############......# ###
..................#...
..................#.#.
............ .....∩..
.........######.(.#
.........#.[..'...#
.........'....#...#+####
.........#....#.@.......
.........#....##.T......
.........#.....#........
#........#######$.......
####......... .........
#.......... .........
#.......... #########
########... ...


You could see Snorg (berserk).

Vanquished Creatures
  Fannar (D:11)
  3 two-headed ogres
  Pikel (D:8)
  A cyclops (D:12)
  Maggie (D:6)
  A gargoyle (D:12)
  Psyche (D:12)
  An unseen horror (D:7)
  2 kobold demonologists (D:9)
  A komodo dragon (D:11)
  3 hornets
  A shadow (D:12)
  3 wyverns (D:9)
  A wraith (D:9)
  9 yaks
  4 vampire mosquitoes (D:11)
  3 water moccasins
  4 orc warriors
  A black bear (D:5)
  2 ice beasts
  An ogre (D:7)
  3 necrophages
  A lemure (D:8)
  2 phantoms (D:5)
  3 kobold brigands
  A wyvern zombie (D:7)
  A gnoll sergeant (D:12)
  4 scorpions
  2 water moccasin skeletons
  11 killer bees (D:8)
  2 howler monkeys
  6 electric eels (D:7)
  11 wights
  4 jellies
  3 orc priests
  Crazy Yiuf (D:3)
  7 centaur zombies
  2 hounds (D:5)
  3 bullfrog skeletons
  A centaur skeleton (D:6)
  4 iguanas
  6 orc wizards
  A hound skeleton (D:4)
  A howler monkey zombie (D:9)
  2 howler monkey skeletons
  5 adders
  8 gnolls
  5 river rats
  A worm (D:3)
  2 dart slugs
  22 orcs
  6 endoplasms
  A giant cockroach (D:1)
  4 goblins
  6 hobgoblins
  3 jackals (D:3)
  17 kobolds
  6 quokkas
  18 ball pythons
  5 bats
  5 frilled lizards
  18 rats
259 creatures vanquished.

Vanquished Creatures (others)
  15 plants
15 creatures vanquished.

Grand Total: 274 creatures vanquished

Notes
Turn   | Place    | Note
-------+----------+-------------------------------------------
     0 | D:1      | bande the Gargoyle Fighter began the quest for the Orb.
     0 | D:1      | Reached XP level 1. HP: 14/14 MP: 1/1
   179 | D:1      | Reached XP level 2. HP: 19/19 MP: 2/2
   593 | D:1      | Reached skill level 2 in Axes
   688 | D:1      | Found a faded altar of an unknown god.
   991 | D:1      | Reached XP level 3. HP: 22/23 MP: 3/3
  1656 | D:2      | Reached XP level 4. HP: 24/29 MP: 4/4
  2319 | D:3      | Found a radiant altar of Vehumet.
  2319 | D:3      | Found a sparkling altar of Nemelex Xobeh.
  2377 | D:3      | Found a runed translucent door.
  2378 | D:3      | Noticed Crazy Yiuf
  2386 | D:3      | Killed Crazy Yiuf
  2387 | D:3      | Reached skill level 3 in Axes
  2477 | D:3      | Found a glowing drain.
  2490 | D:3      | Reached XP level 5. HP: 18/33 MP: 5/5
  2496 | Sewer    | Entered a sewer
  4063 | D:4      | Reached XP level 6. HP: 37/38 MP: 6/6
  4069 | D:4      | Reached skill level 4 in Axes
  4537 | D:4      | You fall into a shaft and drop 3 floors!
  4543 | D:7      | Noticed a necrophage
  4552 | D:7      | Reached skill level 5 in Armour
  4552 | D:7      | Reached skill level 1 in Evocations
  4557 | D:7      | Reached XP level 7. HP: 15/44 MP: 7/7
  4851 | D:7      | Reached skill level 5 in Axes
  5301 | D:6      | Reached XP level 8. HP: 48/48 MP: 8/8
  5415 | D:6      | Found Fioxkot's Armour Emporium.
  5530 | D:6      | Noticed MikuNakano's ghost (novice BaIE)
  5593 | D:6      | Noticed Maggie
  5596 | D:5      | Entered Level 5 of the Dungeon
  5875 | D:5      | Reached skill level 5 in Fighting
  6021 | D:5      | Identified 2 scrolls of acquirement
  6021 | D:5      | Acquired a +2 pair of gloves of archery
  6023 | D:5      | Acquired the +8 mithril axe "Arga" {speed, Will+}
  6023 | D:5      | Found the +8 mithril axe "Arga" {speed, Will+}
  6228 | D:5      | Reached skill level 6 in Axes
  7747 | D:6      | Reached XP level 9. HP: 53/54 MP: 9/9
  7781 | D:6      | Reached skill level 7 in Axes
  7787 | D:6      | Killed Maggie
  7882 | D:6      | Reached skill level 5 in Shields
  7931 | D:6      | Found an iron altar of Okawaru.
  7931 | D:6      | Found a bloodstained altar of Trog.
  7940 | D:6      | Became a worshipper of Warmaster Okawaru
  8109 | D:6      | Noticed a toenail golem
  8112 | D:6      | Noticed a mana viper
  8122 | D:6      | Found a transporter.
  8137 | D:6      | Found a transporter.
  8147 | D:6      | Noticed an ancient zyme
  8155 | D:6      | Found a one-way gate to the infinite horrors of the Abyss.
  8240 | D:6      | Noticed a merfolk
  8723 | D:7      | Found an ornate altar of the Wu Jian Council.
  9020 | D:7      | Killed an unseen horror
  9020 | D:7      | Reached * piety under Okawaru
  9021 | D:7      | Reached skill level 8 in Axes
  9554 | D:7      | Found a staircase to the Ecumenical Temple.
  9858 | D:8      | Reached skill level 5 in Evocations
  9862 | D:8      | Reached XP level 10. HP: 55/60 MP: 10/10
 10093 | D:8      | Noticed Pikel
 10104 | D:8      | Killed Pikel
 10104 | D:8      | Reached ** piety under Okawaru
 10105 | D:8      | Reached skill level 9 in Axes
 10342 | D:8      | Identified the +7 hunting sling of the People {speed, *Slow
                  | rPois Will++ MP+9}
 10562 | D:8      | Found a shimmering blue altar of Sif Muna.
 10712 | D:8      | Found a glowing silver altar of Zin.
 10713 | D:8      | Found an opulent altar of Gozag.
 10989 | D:9      | Noticed a kobold demonologist
 10995 | D:9      | Noticed a two-headed ogre
 11005 | D:9      | Killed a kobold demonologist
 11006 | D:9      | Killed a two-headed ogre
 11006 | D:9      | Reached *** piety under Okawaru
 11059 | D:9      | Acquired 698 gold pieces
 11115 | D:9      | Found a staircase to the Orcish Mines.
 11161 | D:9      | Noticed a kobold demonologist
 11172 | D:9      | Killed a kobold demonologist
 11173 | D:9      | Reached skill level 10 in Axes
 11263 | D:9      | Reached **** piety under Okawaru
 11264 | D:9      | Reached XP level 11. HP: 67/67 MP: 11/11
 11302 | D:9      | Found a staircase to the Lair.
 11329 | D:9      | Received a gift from Okawaru
 11696 | D:9      | You fall into a shaft and drop 3 floors!
 11697 | D:12     | Noticed a cyclops
 11706 | D:12     | Killed a cyclops
 11744 | D:12     | Reached skill level 11 in Axes
 11892 | D:12     | Noticed Psyche
 11913 | D:12     | Killed Psyche
 12334 | D:11     | Noticed Fannar
 12352 | D:11     | Killed Fannar
 12352 | D:11     | Reached ***** piety under Okawaru
 12688 | D:11     | Found an ancient bone altar of Kikubaaqudgha.
 12725 | D:11     | Noticed a two-headed ogre
 12730 | D:11     | Noticed a two-headed ogre
 12736 | D:11     | Killed a two-headed ogre
 12743 | D:11     | Killed a two-headed ogre
 12921 | D:11     | Reached skill level 12 in Axes
 13080 | D:11     | Found Unih's Assorted Antiques.
 13080 | D:11     | Noticed Snorg
 13092 | D:11     | HP: 2/68 [Snorg (16)]
 13093 | D:11     | Slain by Snorg

Illustrated notes

Levels and vault maps discovered:
D:1:      dpeg_arrival_leaves_temple_mockup, layout_basic,
          shapermc_ecumenical_altar_mp_highgroup, chequers_arboretum
D:2:      layout_loops_corners, minmay_misc_feat_rugged
D:3:      layout_rooms, gammafunk_temple_overflow_wave,
          cheibrodos_sewer_entry_sluice, uniq_crazy_yiuf_cottage
D:4:      layout_loops_corners, minmay_distorted
D:5:      layout_layer_cave
D:6:      gammafunk_ghost_abyssal_escape, layout_basic,
          grunt_temple_overflow_bloody_war, serial_shops, shop, uniq_maggie
D:7:      cheibrodos_two_vegetables, layout_basic,
          nicolae_wu_jian_glorious_leap, temple_hall, serial_rivers,
          chequers_serial_rivers_small_3, chequers_serial_rivers_micro_e,
          chequers_serial_rivers_large_b, chequers_serial_rivers_room_a,
          chequers_serial_rivers_micro_c
D:8:      layout_loops_cross, grunt_temple_overflow_gold_and_silver,
          kennysheep_little_box, uniq_pikel
D:9:      layout_rooms, lemuel_mausoleum_altar_yredelemnul,
          minmay_lair_entry_grove, serial_undead, serial_undead_a,
          serial_undead_a, serial_undead_b, serial_undead_e,
          minmay_fractal_squares_diagonal_5
D:11:     layout_irregular_city, serial_shops, nicolae_shop_crystal,
          nicolae_kikubaaqudgha_miasma_corner, uniq_snorg, uniq_fannar,
          uniq_sonja
D:12:     layout_basic, serial_rivers, chequers_serial_rivers_marsh,
          chequers_serial_rivers_marsh, chequers_serial_rivers_room_b,
          chequers_serial_rivers_marsh, uniq_psyche, uniq_kirke

Skill      XL: |  1  2  3  4  5  6  7  8  9 10 11 |
---------------+----------------------------------+-----
Axes           | 2 3 4 5 6 8 10 12 | 12.0
Armour         | 4 5 6 7 8 |  8.4
Fighting       | 4 5 6 7 8 |  8.2
Shields        | 4 5 6 |  6.3
Evocations     | 1 2 3 5 6 7 |  7.5

Action                   |  1- 3 |  4- 6 |  7- 9 | 10-12 || total
-------------------------+-------+-------+-------+-------++-------
Melee: War axe           |    93 |   194 |    73 |       ||   360
       Broad axe         |       |       |   150 |   310 ||   460
  Use: Scroll            |     6 |     1 |     8 |    10 ||    25
       Potion            |       |     2 |       |     1 ||     3
Armor: Scale mail        |    58 |   110 |   101 |    36 ||   305
       Chain mail        |       |       |       |    22 ||    22
       Plate armour      |       |       |       |   113 ||   113
Dodge: Dodged            |    51 |    95 |    67 |    73 ||   286
Block: Buckler           |    10 |    75 |    61 |    99 ||   245

Table legend: (Time is in decaauts)
 A = Elapsed time spent in this place.
 B = Non-inter-level travel time spent in this place.
 C = Inter-level travel time spent in this place.
 D = Time resting spent in this place.
 E = Time spent auto-exploring this place.
 F = Levels seen in this place.
 G = Mean time per level.
                   A        B        C        D        E       F      G
               +--------+--------+--------+--------+--------+-----+--------+
         Total |  13223 |  13051 |    172 |   1828 |   8498 |  12 | 1101.9 |
       Dungeon |  12028 |  11856 |    172 |   1359 |   7983 |  11 | 1093.5 |
         Sewer |   1195 |   1195 |      0 |    469 |    515 |   1 | 1195.0 |
               +--------+--------+--------+--------+--------+-----+--------+

Top non-repeatable levels by time:
     D:7: 2308 daAuts
     D:5: 1668 daAuts
   Sewer: 1195 daAuts
     D:2: 1193 daAuts
     D:1: 1164 daAuts
     D:8: 1084 daAuts
     D:4: 1050 daAuts
     D:6: 921 daAuts
    D:11: 812 daAuts
     D:9: 738 daAuts
    D:12: 548 daAuts
     D:3: 540 daAuts
